 Dungeon Crawl Stone Soup version 0.18.1-8-gdd0e5ea (webtiles) character file.

111 Hipnos the Digger (level 4, -5/24 HPs)
             Began as a Gargoyle Earth Elementalist on May 31, 2016.
             Killed from afar by an orc wizard (9 damage)
             ... with a puff of flame
             ... on level 3 of the Dungeon.
             The game lasted 00:07:28 (2215 turns).

Hipnos the Digger (Gargoyle Earth Elementalist)     Turns: 2215, Time: 00:07:29

Health: -5/24      AC:  8    Str: 11    XL:     4   Next: 92%
Magic:  8/8        EV: 16    Int: 22    God:
Gold:   102        SH:  0    Dex: 15    Spells: 2 memorised, 5 levels left

rFire  . . .     SeeInvis .     b - 63 stones
rCold  . . .     Gourm    .     a - +0 robe
rNeg   + . .     Faith    .     u - +0 buckler
rPois  ∞         Spirit   .     v - +1 hat
rElec  +         Dismiss  .     l - +1 cloak
rCorr  .         Reflect  .     (no gloves)
SustAt .         Harm     .     (no boots)
MR     .....                    (no amulet)
Stlth  ++........               (no ring)
                                (no ring)

@: confused, brilliant, agile, exhausted, slowed, very slow, not resistant to
hostile enchantments, unstealthy
A: negative energy resistance 1, electricity resistance, unbreathing,
petrification resistance, rot immunity, AC +3
a: no special abilities


You were on level 3 of the Dungeon.
You were very hungry.

You visited 1 branch of the dungeon, and saw 4 of its levels.

You collected 102 gold pieces.

Inventory:

Missiles
 b - 63 stones (in hand)
 n - 5 exploding tomahawks (quivered)
Armour
 a - a +0 robe (worn)
 f - a +0 ring mail
 l - a +1 cloak (worn)
 u - a +0 buckler (worn)
 v - a +1 hat (worn)
Scrolls
 e - 2 scrolls of enchant armour {unknown}
 i - a scroll of recharging {unknown}
 j - 5 scrolls of teleportation {unknown}
 k - a scroll of remove curse {unknown}
 m - a scroll of fear {unknown}
 o - 2 scrolls of noise {unknown}
 q - 2 scrolls of identify {unknown}
 s - a scroll of enchant weapon {unknown}
Potions
 g - a potion of brilliance
Books
 c - a book of Geomancy

   Spells                             Type                      Level
   a - Sandblast                      Earth                        1
   b - Passwall                       Transmutation/Earth          2
   c - Stone Arrow                    Conjuration/Earth            3
   d - Petrify                        Transmutation/Earth          4
   e - Lee's Rapid Deconstruction     Earth                        5
Comestibles
 d - 3 bread rations
 p - 2 beef jerkies
 r - a slice of pizza
 w - 3 chunks of flesh
 x - 2 meat rations


   Skills:
 - Level 1.5 Dodging
 - Level 2.1 Stealth
 + Level 2.8 Spellcasting
 + Level 0.7 Transmutations
 * Level 5.9 Earth Magic


You had 5 spell levels left.
You knew the following spells:

 Your Spells              Type           Power        Failure   Level  Hunger
a - Sandblast             Erth           #####.       1%          1    None
b - Passwall              Trmt/Erth      ####......   1%          2    ##.....


Dungeon Overview and Level Annotations

Branches:
Dungeon (4/15)
 Temple: D:4-7

Altars:
Elyvilon
Gozag
Ru

Annotations:
D:2 Natasha


Innate Abilities, Weirdness & Mutations

You are resistant to torment.
Your stone body is resilient (AC +3).
You are immune to poison.
You resist negative energy.
You are resistant to electric shocks.
You can survive without breathing.
You are immune to petrification.
You are immune to rotting.


Message History

You bump into the rock wall.
You hear some strange, mumbled words.
A magic dart appears from out of thin air!
The magic dart hits you! Something hits you but does no damage.
You miss something. Something hits you but does no damage.
You bump into the rock wall.
You are no longer berserk.
You are exhausted.
You feel yourself slow down.
You are feeling very hungry.
Something hits you but does no damage.
You hear some strange, mumbled words.
Something tries to affect you, but you resist.
Drink which item? (? for menu, Esc to quit)
It was a potion of agility.
You feel agile all of a sudden.
You hear some strange, mumbled words.
A puff of flame appears from out of thin air!
The puff of flame hits you!
You die...

#.# #.### #.# #.# #.# #.#
#÷# #.# #.#####.###
#.#.......# #.#.#######
#######################.#.#
...............{@.o.[...#.#
######.##################.#
# #.# #.# # #.# #.###### #
#.# #.#<...# # #.# #.####.#
#### #.# #.####.##
...###'##### #......)#
.).........# #########


You could see an orc.

Vanquished Creatures
  A centaur skeleton (D:4)
  2 adders
  3 worms
  A dart slug (D:3)
  A giant gecko (D:4)
  2 orcs
  3 bats
  4 giant cockroaches
  7 goblins
  7 hobgoblins
  6 kobolds
  A quokka (D:2)
  3 ball pythons
  4 giant newts
  2 rats
47 creatures vanquished.

Notes
Turn   | Place    | Note
--------------------------------------------------------------
     0 | D:1      | Hipnos the Gargoyle Earth Elementalist began the quest for the Orb.
     0 | D:1      | Reached XP level 1. HP: 10/10 MP: 3/3
   127 | D:1      | Reached skill level 4 in Earth Magic
   173 | D:1      | Reached XP level 2. HP: 15/15 MP: 0/5
   563 | D:2      | Learned a level 2 spell: Passwall
  1004 | D:2      | Reached XP level 3. HP: 18/19 MP: 3/6
  1082 | D:2      | Found a sacrificial altar of Ru.
  1094 | D:2      | Noticed Natasha
  1407 | D:3      | Reached skill level 5 in Earth Magic
  1595 | D:3      | Reached XP level 4. HP: 24/24 MP: 3/8
  1662 | D:3      | Found a white marble altar of Elyvilon.
  1662 | D:3      | Found an opulent altar of Gozag.
  2215 | D:3      | Killed from afar by an orc wizard

Skill      XL: |  1  2  3 |
---------------+----------+-----
Earth Magic    | 4 5 |  5.9
Dodging        | |  1.5
Stealth        | |  2.1
Spellcasting   | |  2.8
Transmutations | |  0.7

Action                   |  1- 3 |  4- 6 || total
-------------------------+-------+-------++-------
Throw: Tomahawk          |       |     2 ||     2
 Cast: Sandblast         |    61 |    14 ||    75
  Use: Potion            |       |     3 ||     3
  Eat: Chunk             |     3 |     1 ||     4
Armor: Robe              |    18 |    10 ||    28
Dodge: Dodged            |    26 |     4 ||    30
Block: Buckler           |       |     1 ||     1
